 Seeded DCSS version 0.29.1-15-g9cfb28693d (webtiles) character file.

Game seed: 1 (custom seed)

1036 Kazon the Shooter (level 8, 0/61 HPs)
             Began as a Human Hunter on Feb 27, 2023.
             Succumbed to a water moccasin's poison
             ... on level 5 of the Dungeon.
             The game lasted 00:16:52 (3262 turns).

Kazon the Shooter (Human Hunter)                    Turns: 3262, Time: 00:16:53

Health: 0/61       AC: 11    Str: 13    XL:     8   Next: 48%
Magic:  8/8        EV: 13    Int: 10    God:
Gold:   184        SH:  4    Dex: 17    Spells: 7/7 levels left

rFire   . . .      SeeInvis .   e - +2 dagger (venom)
rCold   + + .      Faith    .   c - +0 buckler
rNeg    + . .      Spirit   .   C - +3 leather armour {rC+}
rPois   .          Reflect  .   j - +0 helmet
rElec   .          Harm     .   (no cloak)
rCorr   .          Rampage  .   (no gloves)
Will    .....                   m - +2 pair of boots
Stlth   +++.......              n - amulet of the acrobat
HPRegen 0.20/turn               r - ring of positive energy
MPRegen 0.11/turn               E - ring of protection from cold

@: lethally poisoned (0 -> -17)
A: no striking features
a: no special abilities


You were on level 5 of the Dungeon.
You visited 1 branch of the dungeon, and saw 5 of its levels.

You collected 368 gold pieces.
You spent 184 gold pieces at shops.

Inventory:

Hand Weapons
 d - the +7 lajatang "Reif Ozuobo" {freeze, Dex+2}
   (You acquired it on level 1 of the Dungeon)

   It freezes those it strikes, dealing additional cold damage.
   It can also slow down cold-blooded creatures.
   Dex:       It affects your dexterity (+2).
 e - a +2 dagger of venom (weapon)
 s - the +3 falchion of Winter {venom, rCorr}
   (You bought it in a shop on level 3 of the Dungeon)

   It poisons the flesh of those it strikes.
   rCorr:     It protects you from acid and corrosion.
 w - a +1 sling of flaming
Missiles
 l - 22 stones (quivered)
 o - a throwing net
 u - 5 boomerangs
 A - 2 curare-tipped darts
Armour
 c - a +0 buckler (worn)
 j - a +0 helmet (worn)
 m - a +2 pair of boots (worn)
 C - a +3 leather armour of cold resistance (worn)
Jewellery
 n - an amulet of the acrobat (around neck)
 r - a ring of positive energy (left hand)
 E - a ring of protection from cold (right hand)
Wands
 y - a wand of mindburst (20)
 B - a wand of flame (11)
Scrolls
 i - 9 scrolls of identify {unknown}
 k - 3 scrolls of immolation
 p - a scroll of poison {unknown}
 q - a scroll of fog {unknown}
 t - a scroll of teleportation {unknown}
 v - 2 scrolls of noise {unknown}
 x - a scroll of magic mapping {unknown}
 F - a scroll of enchant weapon {unknown}
Potions
 a - 2 potions of ambrosia {unknown}
 b - 2 potions of berserk rage {unknown}
 f - 2 potions of haste {unknown}
 g - a potion of flight {unknown}
 h - a potion of attraction {unknown}
 z - 2 potions of lignification {unknown}
 D - a potion of cancellation {unknown}


   Skills:
 + Level 4.8 Fighting
 + Level 4.1(4.8) Short Blades
 + Level 3.9(4.7) Long Blades
 + Level 5.4 Staves
 + Level 6.3 Ranged Weapons
 + Level 4.1 Throwing
 + Level 4.4 Armour
 + Level 4.8 Dodging
 + Level 5.0 Stealth
 * Level 1.4 Evocations


You had 7 spell levels left.
You didn't know any spells.
Your spell library contained the following spells:

 Spells                   Type           Power      Damage    Failure   Level
 Apportation              Tloc           0%         N/A       54%         1
 Necrotise                Necr           0%         1d4       54%         1
 Sting                    Tmut/Pois      0%         1d3       54%         1
 Summon Small Mammal      Summ           0%         N/A       54%         1
 Poisonous Vapours        Pois/Air       0%         N/A       69%         2
 Olgreb's Toxic Radiance  Pois           0%         N/A       100%        4
 Fireball                 Conj/Fire      0%         3d3       100%        5
 Iskenderun's Battlesphe  Conj           0%         2d6       100%        5
 Conjure Ball Lightning   Conj/Air       0%         3x3d6     100%        6
 Orb of Destruction       Conj           0%         9d5       100%        7


Dungeon Overview and Level Annotations

Branches:
Dungeon (5/15)
 Temple: D:4-7

Altars:
Hepliaklqana

Shops:
D:3 (


Message History

You hit the water moccasin.
The water moccasin is moderately wounded.
You feel sick. The water moccasin misses you.
You completely miss the water moccasin.
The water moccasin is moderately wounded.
You feel sick. You block the water moccasin's attack.
You hit the water moccasin.
The water moccasin is moderately wounded.
You feel sick. The water moccasin closely misses you.
You barely miss the water moccasin.
The water moccasin is moderately wounded.
You feel sick. The water moccasin misses you. The water moccasin bites you!
You are more poisoned.
The water moccasin poisons you!
You hit the water moccasin.
The water moccasin is heavily wounded.
You feel very sick. The water moccasin bites you.
* * * LOW HITPOINT WARNING * * *
You barely miss the water moccasin.
The water moccasin is heavily wounded.
* * * LOW HITPOINT WARNING * * *
You feel very sick. The water moccasin bites you.
* * * LOW HITPOINT WARNING * * *
You are more poisoned.
The water moccasin poisons you!
You hit the water moccasin.
The water moccasin is poisoned.
The water moccasin is heavily wounded.
* * * LOW HITPOINT WARNING * * *
You feel very sick. The water moccasin closely misses you.
You completely miss the water moccasin.
The water moccasin is heavily wounded.
* * * LOW HITPOINT WARNING * * *
You feel very sick. The water moccasin closely misses you.
You closely miss the water moccasin.
The water moccasin is heavily wounded.
You die...

.. ..# ## #.##.#
#....# #[...#
##....# ### #.....#
#.### ###..@..#
#...#### ##....#S##
#......###...###...
##.....#...###
..#.. ###......##
..# ## ##...### .##
###..### .#
###...## ## #...###


You could see a water moccasin (very poisoned).

Vanquished Creatures
  Eustachio (D:5)
  A sky beast (D:5)
  A centaur (D:5)
  4 scorpions
  A hound (D:4)
  An orc priest (D:3)
  2 iguanas
  Robin (D:3)
  6 gnolls
  7 adders
  An ufetubus (D:5)
  3 worms
  6 orcs
  11 endoplasms
  A giant cockroach (D:1)
  16 goblins
  9 hobgoblins
  A jackal (D:4)
  4 kobolds
  A quokka (D:1)
  5 ball pythons
  4 bats
  3 frilled lizards
  6 rats
96 creatures vanquished.

Notes
Turn   | Place    | Note
-------+----------+-------------------------------------------
     0 | D:1      | Kazon the Human Hunter began the quest for the Orb.
     0 | D:1      | Reached XP level 1. HP: 16/16 MP: 1/1
    33 | D:1      | Identified a scroll of acquirement
    33 | D:1      | Acquired the +7 lajatang "Reif Ozuobo" {freeze, Dex+2}
   101 | D:1      | Reached XP level 2. HP: 20/22 MP: 2/2
   473 | D:1      | Reached XP level 3. HP: 27/27 MP: 3/3
   721 | D:2      | Reached skill level 1 in Staves
  1023 | D:2      | Reached XP level 4. HP: 32/33 MP: 4/4
  1334 | D:3      | Found Umat's Antique Weapon Boutique.
  1364 | D:3      | Bought a crude falchion for 184 gold pieces
  1364 | D:3      | Identified the +3 falchion of Winter {venom, rCorr} (You
                  | bought it in a shop on level 3 of the Dungeon)
  1383 | D:3      | Reached skill level 1 in Armour
  1435 | D:3      | Reached XP level 5. HP: 36/38 MP: 5/5
  1660 | D:3      | Noticed Robin
  1665 | D:3      | Killed Robin
  1801 | D:3      | Reached skill level 5 in Staves
  1801 | D:3      | Reached skill level 6 in Ranged Weapons
  1801 | D:3      | Reached XP level 6. HP: 40/49 MP: 6/6
  1945 | D:4      | Reached XP level 7. HP: 55/55 MP: 7/7
  2458 | D:4      | Found a hazy altar of Hepliaklqana.
  2823 | D:5      | Entered Level 5 of the Dungeon
  2867 | D:5      | Noticed Eustachio
  2877 | D:5      | Reached XP level 8. HP: 56/61 MP: 8/8
  2882 | D:5      | Killed Eustachio
  2883 | D:5      | Reached skill level 1 in Evocations
  2916 | D:5      | Reached skill level 5 in Stealth
  3261 | D:5      | HP: 2/61 [poisoned by a water moccasin]
  3262 | D:5      | Succumbed to a water moccasin's poison

Illustrated notes

Levels and vault maps discovered:
D:1:      dpeg_arrival_three_smaller_balls, layout_basic
D:2:      layout_loops_ring
D:3:      layout_basic, serial_shops, nicolae_shop_stone, st_stairs_9,
          minmay_misc_feat_doors, eino_curves_03, uniq_robin
D:4:      minmay_wonky_spiral, layout_basic,
          mainiacjoe_overflow_surrounded_room, minivault_5
D:5:      layout_cave_pods, uniq_menkaure, uniq_eustachio

Skill      XL: |  1  2  3  4  5  6  7  8 |
---------------+-------------------------+-----
Staves         | 1 2 5 |  5.4
Armour         | 1 4 |  4.4
Fighting       | 4 |  4.8
Short Blades   | 3 4 |  4.1
Long Blades    | 3 |  3.9
Ranged Weapons | 6 |  6.3
Throwing       | 3 4 |  4.1
Dodging        | 4 |  4.8
Stealth        | 4 5 |  5.0
Evocations     | 1 |  1.4

Action                   |  1- 3 |  4- 6 |  7- 9 || total
-------------------------+-------+-------+-------++-------
Melee: Lajatang          |    39 |    23 |    27 ||    89
       Dagger            |     9 |    26 |    75 ||   110
       Punch             |       |     1 |     2 ||     3
       Falchion          |       |    22 |     2 ||    24
 Fire: Shortbow          |     3 |     4 |       ||     7
       Sling             |       |     6 |    18 ||    24
Throw: Stone             |     2 |    14 |    20 ||    36
  Use: Scroll            |     1 |       |       ||     1
       Potion            |       |     1 |       ||     1
 Stab: Sleeping          |     3 |     4 |     4 ||    11
Armor: Leather armour    |    13 |    23 |    31 ||    67
Dodge: Dodged            |    39 |    44 |    57 ||   140
Block: Buckler           |       |       |     5 ||     5
